 Dungeon Crawl Stone Soup version 0.16.1-18-g436b03c (webtiles) character file.

1747444 Kaladin the Axe Maniac (level 27, 273/273 HPs)
             Began as a Hill Orc Berserker on Apr 22, 2015.
             Was the Champion of Trog.
             Escaped with the Orb
             ... and 3 runes on Apr 26, 2015!
             The game lasted 04:03:57 (65813 turns).

Kaladin the Axe Maniac (Hill Orc Berserker)        Turns: 65813, Time: 04:03:57

Health: 273/273    AC: 49    Str: 29    XL:     27
Magic:  23/23      EV: 32    Int: 14    God:    Trog [******]
Gold:   4142       SH:  0    Dex: 18    Spells: 0 memorised, 26 levels left

rFire  + . .     SeeInvis .     h - +6 executioner's axe of Responsibility {speed, Str+4}
rCold  + . .     Clarity  .     y - +9 plate armour of Duck's Teeth {rN++ Int-2 Slay+4}
rNeg   + + +     SustAb   .     (no shield)
rPois  +         Gourm    .     m - +5 helmet "Jutele" {+Blink +Inv Regen+ Int+5 Dex+2}
rElec  +         Spirit   .     F - +0 cloak of Starlight {rElec rC+ EV+4 Stlth-}
rCorr  .         Warding  .     t - +2 pair of gloves {archery}
rMut   .         Stasis   .     e - +2 pair of boots {Fly}
MR     +++..                    A - amulet of the Air {Inacc +Fly rElec EV+5 RMsl}
Stlth  ..........               f - ring of protection from magic {MR+, !d}
                                K - ring of Plevvaem {rPois rF+ rN+ Str-2 Int+4 Slay+3}

@: flying, very slightly contaminated, repel missiles, extremely resistant to
hostile enchantments, extremely unstealthy
A: blurry vision 1, mutation resistance 1, slow healing 1
a: Burn Spellbooks, Berserk, Trog's Hand, Brothers in Arms, Renounce Religion,
Evoke Blink, Evoke Invisibility, Stop Flying
0: Orb of Zot
}: 3/15 runes: serpentine, barnacled, silver


You escaped.
You worshipped Trog.
Trog was exalted by your worship.
You were not hungry.

You visited 8 branches of the dungeon, and saw 52 of its levels.
You also visited: Labyrinth, Sewer and Ice Cave.

You collected 6796 gold pieces.
You spent 2654 gold pieces at shops.

Inventory:

Hand weapons
 h - the +6 executioner's axe of Responsibility (weapon) {speed, Str+4}
   (Trog gifted it to you on level 5 of the Depths)

   Attacks with this weapon are significantly faster.
   It affects your strength (+4).
 L - a +9 executioner's axe of freezing
   (Trog gifted it to you on level 7 of the Lair of Beasts)
 Z - a +3 antimagic executioner's axe
   (Trog gifted it to you on level 5 of the Vaults)
Armour
 e - a +2 pair of boots of flying (worn)
   (You bought it in a shop on level 7 of the Dungeon)
 m - the +5 helmet "Jutele" (worn) {+Blink +Inv Regen+ Int+5 Dex+2}
   (You bought it in a shop on level 4 of the Dungeon)

   It affects your intelligence (+5).
   It affects your dexterity (+2).
   It lets you turn invisible.
   It lets you blink.
   It increases your rate of regeneration.
 t - a +2 pair of gloves of archery (worn)
   (You bought it in a shop on level 7 of the Dungeon)
 y - the +9 plate armour of Duck's Teeth (worn) {rN++ Int-2 Slay+4}
   (You took it off a vault warden on level 5 of the Vaults)

   It affects your intelligence (-2).
   It affects your accuracy and damage with ranged weapons and melee attacks
   (+4).
   It greatly protects you from negative energy.
 F - the +0 cloak of Starlight (worn) {rElec rC+ EV+4 Stlth-}
   (You bought it in a shop on level 1 of the Vaults)

   It affects your evasion (+4).
   It protects you from cold.
   It insulates you from electricity.
   It makes you less stealthy.
Rods
 j - a +2 lightning rod (11/11)
   (You took it off a minotaur in a labyrinth)
 l - a +5 rod of ignition (9/9) {!a}
   (You found it in a labyrinth)
 v - a +0 iron rod (11/11)
   (You found it in a labyrinth)
Jewellery
 b - an uncursed amulet of resist mutation {rMut, !d}
   (You found it on level 3 of the Vaults)
 f - a ring of protection from magic (right hand) {MR+, !d}
   (You found it on level 4 of the Snake Pit)
 r - an uncursed ring of teleportation {+/*tele, !d}
   (You took it off a minotaur in a labyrinth)
 s - an uncursed ring of protection from cold {rC+, !d}
   (You found it on level 3 of the Realm of Zot)
 A - the amulet of the Air (around neck) {Inacc +Fly rElec EV+5 RMsl}
   (You found it in a labyrinth)

   [amulet of inaccuracy]

   It reduces the accuracy of all your attacks.
   It affects your evasion (+5).
   It insulates you from electricity.
   It lets you fly.
   It protects you from missiles.
 G - an uncursed ring of see invisible {sInv, !d}
   (You found it on level 3 of the Lair of Beasts)
 H - the ring of Laqedaec {-Cast rElec MP-9 AC+2 Str+3 SInv}
   (You found it on level 4 of the Depths)

   [ring of protection]

   It affects your AC (+2).
   It affects your strength (+3).
   It insulates you from electricity.
   It affects your magic capacity (-9).
   It enhances your eyesight.
   It prevents spellcasting.
 I - an uncursed amulet of the gourmand {Gourm, !d}
   (You found it on level 4 of the Dungeon)
 J - an uncursed ring of protection from cold {rC+, !d}
   (You found it in an ice cave)
 K - the ring of Plevvaem (left hand) {rPois rF+ rN+ Str-2 Int+4 Slay+3}
   (You found it on level 4 of the Depths)

   [ring of positive energy]

   It affects your strength (-2).
   It affects your intelligence (+4).
   It affects your accuracy and damage with ranged weapons and melee attacks
   (+3).
   It protects you from fire.
   It protects you from poison.
   It protects you from negative energy.
 O - the ring of Mobb {-Cast rN+ Str+2 Int+3 SInv Stlth+}
   (You took it off a vault warden on level 5 of the Vaults)

   [ring of see invisible]

   It affects your strength (+2).
   It affects your intelligence (+3).
   It protects you from negative energy.
   It enhances your eyesight.
   It prevents spellcasting.
   It makes you more stealthy.
 Q - an uncursed amulet of clarity {Clar, !d}
   (You took it off a deep elf annihilator on level 5 of the Vaults)
 X - an uncursed amulet of regeneration {+regen, !d}
   (You found it on level 5 of the Vaults)
Magical devices
 a - a wand of random effects (13)
   (You found it on level 1 of the Realm of Zot)
 p - a wand of teleportation (1)
   (You found it on level 14 of the Dungeon)
 z - a wand of digging (5)
   (You took it off Agnes on level 1 of the Snake Pit)
 V - a wand of hasting (4)
   (You found it on level 8 of the Lair of Beasts)
 W - a wand of heal wounds (1)
   (You found it in a labyrinth)
Scrolls
 g - 4 scrolls of teleportation
 n - 20 scrolls of remove curse
 q - 8 scrolls of fog
 w - 2 scrolls of silence
 D - 5 scrolls of fear
 M - 4 scrolls of identify
 T - 4 scrolls of magic mapping {!r}
 U - 4 scrolls of blinking {!r}
Potions
 i - 4 potions of heal wounds
 o - 7 potions of curing
 C - 3 potions of resistance
 E - 12 potions of restore abilities
 P - 3 potions of haste
 R - a potion of cancellation
 Y - 5 potions of might
Books
 d - a book of Conjurations
   (You found it on level 4 of the Realm of Zot)
 S - An Early Guide to Spellcraft
   (You found it on level 4 of the Realm of Zot)

   Spells                             Type                      Level
   a - Flight                         Charms/Air                   3
   b - Static Discharge               Conjuration/Air              3
   c - Vampiric Draining              Necromancy                   3
   d - Abjuration                     Summoning                    3
   e - Recall                         Summoning/Translocation      3
   Trog disapproves of the use of such an item.
Comestibles
 c - 8 meat rations {@e2}
 k - a chunk of flesh {@w0}
 x - a beef jerky
 B - 5 bread rations {@e1}


   Skills:
 O Level 27 Fighting
 O Level 27 Axes
 O Level 27 Armour
 + Level 20.8 Dodging


You had 26 spell levels left.
You didn't know any spells.

Dungeon Overview and Level Annotations

Branches:
Dungeon (15/15)            Temple (0/1) D:6            Lair (8/8) D:10
 Shoals (5/5) Lair:6        Snake (5/5) Lair:3          Orc (4/4) D:12
 Vaults (5/5) D:13          Crypt (0/3) Vaults:3     Depths (5/5) D:15
    Zot (5/5) Depths:5
  Slime: Lair:6-8       Elf: Orc:3-4

Altars:
Ashenzari
Cheibriados
Dithmenos
Elyvilon
Fedhas
Kikubaaqudgha
Makhleb
Nemelex Xobeh
Okawaru
Qazlal
Vehumet
The Shining One

Shops:
D:4 [[((   D:6 ?   D:7 **([*   D:9 *   D:10 [   D:11 :   D:15 [   Orc:4 :[??[
Shoals:1 }=?   Shoals:4 =!   Shoals:5 (   Vaults:1 ?}[(   Vaults:3 %

Portals:
Hell: Lair:8 Depths:1 Depths:3 Depths:4 Depths:5
Abyss: Depths:1 Depths:2 Depths:3 Depths:4
Pandemonium: Depths:3 Depths:4
Ziggurat: Depths:3
Trove: D:11 (lose all piety)

Annotations:
D:8 exclusion: 2 oklob saplings
Lair:6 exclusion: oklob plant


Innate Abilities, Weirdness & Mutations

Scrolls take you a little longer to read.
You are somewhat resistant to further mutation.
You heal slowly when monsters are visible.


Message History

You can't go up here!
A blue devil comes into view.
The blue devil misses you.
You slice the blue devil!! You slash the blue devil!
The blue devil completely misses you.
You slice the blue devil!!
You kill the blue devil!
Trog accepts your kill.
No target in view!
No target in view!
Unknown command.
Unknown command.
Unknown command.
You reach down and open the door.
There is an open door here.
There is an open door here.
An Orb Guardian comes into view.
You slice the Orb Guardian!! You barely miss the Orb Guardian.
The Orb Guardian hits you!
You take 8 damage, and have 265/273 hp.
You slash the Orb Guardian!
The Orb Guardian hits you but does no damage.
You slice the Orb Guardian!!
You cut the Orb Guardian into ribbons!!!
You kill the Orb Guardian!
Trog accepts your kill.
No target in view!
No target in view!
No target in view!
There is an open door here.
A blue devil comes into view.
There is a stone staircase leading up here.
Health restored: 273 You fly upwards.
You sense a powerful magical force warping space.
There is a stone staircase leading down here.
There is a stone staircase leading up here.
You fly upwards.
You sense a powerful magical force warping space.
There is a stone staircase leading down here.
A chaos spawn comes into view.
The chaos spawn completely misses you.
You slice the chaos spawn!! You slash the chaos spawn!
A rat comes into view.
You slice the chaos spawn!!
You kill the chaos spawn!
Trog accepts your kill.
The chaos spawn degenerates into a cloud of primal chaos!
You slash the rat!
You kill the rat!
Trog accepts your kill.
No target in view!
No target in view!
You see here a rat corpse.
You butcher the rat corpse.
k - a chunk of flesh {@w0}
There is a stone staircase leading up here.
You fly upwards.
You sense a powerful magical force warping space.
There is a stone staircase leading down here.
A bat comes into view.
The bat misses you.
You closely miss the bat. The bat completely misses you.
You open the bat like a pillowcase!!!
You kill the bat!
Trog accepts your kill.
No target in view!
No target in view!
No target in view!
No target in view!
There is a stone staircase leading up here.
You fly upwards.
You sense a powerful magical force warping space.
There is a stone staircase leading down here.
There is a stone staircase leading up here.
You fly upwards.
You sense a powerful magical force warping space.
There is a stone staircase leading down here.
There is a stone staircase leading up here.
You fly upwards.
You sense a powerful magical force warping space.
There is a stone staircase leading down here.
There is a stone staircase leading up here.
You fly upwards.
You sense a powerful magical force warping space.
There is a stone staircase leading down here.
An Orb Guardian comes into view.
The Orb Guardian hits you but does no damage.
You open the Orb Guardian like a pillowcase!!!
The Orb Guardian closely misses you.
You slash the Orb Guardian! You slice the Orb Guardian!!
You kill the Orb Guardian!
Trog accepts your kill.
No target in view!
No target in view!
No target in view!
There is a staircase leading out of the dungeon here.
You have escaped!

#.##.# ##..#.#..######.#######.
..##.# #..≈#..##..#.##.........
##...# ##.##.##.##.#.#.########
##.##### #≈.#.###..#.#.#.##..>...
.......# #§.##.###.#.###.#...#.##
#.####.###.##.#..#.##.####.......
#.####.#.#...##..##.#..#.......#.
#........####.≈..#.#.#.#....#####
#....#...####.≈.@#.#≈.##.##......
.....##..#≈≈.######.#.##.........
##...##..#≈..###...###...#####.##
###.##..#...##.####..##.# #.#
#.##..#≈>≈###..######.# #.#
#.###.#.≈≈###########.#####.##
#.# #....................#....
#.# #.#.#.##....####.###.#####
#.###.#.#.##....# #.# #.#####


There were no monsters in sight!

Vanquished Creatures
  3 orbs of fire
  2 ancient liches (Zot:5)
  Sojobo (Depths:4)
  2 pandemonium lords
  Norris (Shoals:3)
  Saint Roka (Depths:4)
  2 caustic shrikes (Depths:4)
  4 curse toes
  3 Killer Klowns
  8 golden dragons
  Jory (Vaults:5)
  A bone dragon (Depths:5)
  4 liches
  5 electric golems
  Nikola (Shoals:3)
  23 tentacled monstrosities
  26 Orb Guardians
  6 titans (Vaults:5)
  2 octopode crushers
  6 sphinxes
  A Shadow Fiend (D:13)
  A kraken (Shoals:4)
  Rupert (Lair:5)
  9 shadow dragons
  Kirke (Snake:2)
  Frances (D:14)
  12 tengu reavers
  16 storm dragons
  3 draconian monks
  Ilsuiw (Shoals:5)
  11 frost giants
  11 greater nagas
  8 fire giants
  2 ghost moths
  9 draconian knights
  Aizul (Snake:1)
  13 vault wardens
  5 draconian zealots
  4 emperor scorpions
  3 deep elf sorcerers (Vaults:5)
  8 draconian scorchers
  Jorgrun (Vaults:1)
  5 draconian shifters
  18 stone giants
  4 draconian annihilators
  14 ironheart preservers
  2 spriggan defenders
  8 very ugly things
  A war gargoyle (Vaults:5)
  5 draconian callers
  2 deep elf demonologists (Vaults:3)
  10 green draconians
  10 black draconians
  A salamander firebrand (Depths:4)
  2 vampire knights
  9 grey draconians
  12 small abominations
  5 mottled draconians
  3 deep elf annihilators
  4 red draconians
  12 purple draconians
  4 dire elephants
  9 yellow draconians
  12 white draconians
  6 pale draconians
  8 merfolk javelineers
  5 minotaurs
  16 merfolk impalers
  12 ettins
  5 deep elf death magi
  19 fire dragons
  Josephine (D:14)
  42 vault guards
  4 great orbs of eyes
  24 yaktaur captains
  24 ice dragons
  7 death cobs
  A rakshasa (Depths:2)
  Fannar (Lair:6)
  2 deep elf high priests
  12 naga warriors
  3 spriggan air magi
  A monstrous demonspawn (Depths:4)
  6 hydras
  23 anacondas
  9 centaur warriors
  5 merfolk avatars
  Erica (Lair:4)
  11 ogre magi
  3 deep troll earth magi
  2 satyrs
  2 alligator snapping turtles (Shoals:5)
  6 merfolk aquamancers
  3 tengu warriors
  37 death yaks
  4 hell beasts
  A dancing weapon (Vaults:5)
  An orc high priest (Depths:4)
  4 shock serpents
  13 naga sharpshooters
  3 spriggan berserkers
  3 deep troll shamans
  2 sun demons
  Nergalle (Lair:3)
  A fire crab (shapeshifter) (Depths:5)
  2 shadow wraiths
  6 salamander mystics
  15 hell knights
  5 deep elf knights
  2 iron trolls (Depths:2)
  4 unseen horrors
  2 fire crabs
  2 deep elf summoners
  A death drake (Zot:1)
  An ice devil (Depths:3)
  A giant orange brain (shapeshifter) (Vaults:5)
  5 giant orange brains
  9 deep trolls
  14 sea snakes
  2 flayed ghosts
  A lindwurm (shapeshifter) (D:15)
  2 deathcaps
  An ice statue (IceCv)
  A harpy (shapeshifter) (Vaults:4)
  2 putrid demonspawn (D:14)
  20 ironbrand convokers
  14 hill giants
  A tengu zombie (Vaults:5)
  4 deep elf conjurers
  An anubis guard (shapeshifter) (Vaults:5)
  12 necromancers
  23 harpies
  10 naga ritualists
  6 wizards
  2 orc sorcerers
  2 phantasmal warriors (Vaults:5)
  A draconian zombie (Zot:1)
  19 griffons
  23 fauns
  9 orc knights
  6 wolf spiders
  4 large abominations (Depths:2)
  2 stone giant zombies (Vaults:5)
  3 hornets
  13 mana vipers
  10 manticores
  A frost giant zombie (Vaults:5)
  44 ugly things
  A guardian serpent (shapeshifter) (Vaults:5)
  30 moths of wrath
  4 water nymphs
  12 cyclopes
  A manticore (shapeshifter) (D:15)
  4 sixfirhies
  13 elephants
  4 rust devils
  A storm dragon simulacrum (Depths:5)
  8 orange demons
  12 vault sentinels
  25 salamanders
  A black mamba (shapeshifter) (Vaults:2)
  9 sirens
  Joseph (D:7)
  A smoke demon (D:15)
  3 torpor snails
  11 guardian serpents
  A frost giant skeleton (Depths:1)
  A fire giant skeleton (Vaults:5)
  A drowned soul (Shoals:4)
  41 black mambas
  10 spiny frogs
  4 kobold demonologists
  3 gargoyles
  An elf skeleton (Depths:1)
  A yellow draconian zombie (Zot:1)
  Psyche (D:13)
  17 naga magi
  A purple draconian zombie (Zot:1)
  A mottled draconian zombie (Zot:1)
  A hellion (D:13)
  An efreet (D:13)
  69 yaktaurs
  5 komodo dragons
  47 merfolk
  2 red devils
  4 fire drakes
  3 hellwings
  10 trolls
  2 demonic crawlers
  A tormentor (D:14)
  A wind drake (shapeshifter) (Depths:3)
  3 wind drakes
  4 tengu conjurers
  9 freezing wraiths
  A minotaur zombie (Depths:3)
  13 polar bears (IceCv)
  7 blue devils
  5 deep elf priests
  A giant leech (shapeshifter) (Vaults:5)
  21 two-headed ogres
  A hornet zombie (D:15)
  A frost giant simulacrum (Depths:1)
  A deep troll zombie (Depths:1)
  3 griffon zombies (Shoals:5)
  A stone giant simulacrum (Vaults:5)
  15 ravens
  5 boulder beetles
  15 snapping turtles
  18 blink frogs
  A centaur simulacrum (D:13)
  29 slime creatures
  4 basilisks
  A basilisk (shapeshifter) (Vaults:2)
  3 spriggans (Depths:3)
  6 deep elf magi
  85 yaks
  2 redbacks
  2 air elementals (Depths:5)
  5 wyverns
  2 hogs (shapeshifter)
  2 neqoxecs
  6 wraiths
  A tarantella (shapeshifter) (Vaults:4)
  A ynoxinul (Depths:4)
  19 water elementals
  5 chaos spawn
  4 hogs (Snake:2)
  2 golden eyes (shapeshifter)
  16 hippogriffs
  16 deep elf fighters
  A human (shapeshifter) (Vaults:5)
  A hungry ghost (D:14)
  A hippogriff (shapeshifter) (Vaults:5)
  A mottled dragon (Zot:4)
  18 vampire mosquitoes
  39 wolves
  The ghost of Alarkh the Archer, an average HEHu (D:4)
  A yaktaur simulacrum (Depths:1)
  A soldier ant (shapeshifter) (Vaults:2)
  5 human zombies
  A soldier ant (D:9)
  7 hell hounds (Depths:3)
  70 nagas
  9 porcupines
  2 wargs (Vaults:1)
  34 water moccasins
  3 swamp drakes
  A human skeleton (Depths:5)
  4 wandering mushrooms
  A dwarf (shapeshifter) (Vaults:1)
  Purgy (Sewer)
  26 orc warriors
  5 phantoms
  An eye of draining (D:10)
  5 wasps
  2 black bears
  3 sky beasts
  50 ogres
  2 boring beetles
  13 boggarts
  23 centaurs
  9 ice beasts
  Duvessa (D:6)
  14 crocodiles
  2 salamander zombies (Depths:4)
  A brain worm (D:14)
  33 giant frogs
  3 big kobolds
  A wyvern skeleton (D:13)
  A water moccasin skeleton (D:10)
  A hippogriff zombie (Shoals:5)
  A yak zombie (Lair:3)
  9 scorpions
  8 electric eels
  10 killer bees
  8 wights
  8 jellies
  A wolf zombie (Lair:3)
  Dowan (D:6)
  8 crimson imps
  4 goliath beetles
  A giant frog zombie (D:13)
  8 hounds
  3 centaur skeletons
  19 orc priests
  24 orc wizards
  3 giant frog skeletons
  8 worker ants
  2 polar bear simulacra (Lair:3)
  3 hell rats
  15 iguanas
  4 yak simulacra (Lair:3)
  An elf simulacrum (Vaults:5)
  9 sheep
  A killer bee zombie (D:11)
  Ijyb (D:2)
  2 wolf simulacra (Lair:3)
  A giant frog simulacrum (D:13)
  A hound zombie (D:9)
  3 hound skeletons
  2 worker ant zombies
  12 gnolls
  29 adders
  4 giant mites
  7 shadow imps
  66 river rats
  5 white imps
  2 worms
  2 giant eyeballs (Depths:4)
  9 ufetubi
  5 adder skeletons
  2 adder zombies
  2 giant geckos
  130 orcs
  30 bats
  2 bat skeletons
  21 goblins
  14 hobgoblins
  12 quokkas
  7 ball pythons
  7 giant cockroaches
  5 giant newts
  8 jackals
  28 kobolds
  13 rats
  3 river rat simulacra (Lair:3)
  8 ballistomycetes (D:14)
  12 fungi
  16 plants
2752 creatures vanquished.

Vanquished Creatures (collateral kills)
  Mara (Snake:5)
  A quicksilver dragon (Depths:4)
  Polyphemus (Shoals:2)
  Agnes (Snake:1)
  A merfolk impaler (Shoals:5)
  3 hydras
  An ogre mage (D:15)
  Nessos (D:12)
  An anaconda (Snake:5)
  A merfolk aquamancer (Shoals:5)
  2 catoblepae
  A death yak (Shoals:2)
  A naga sharpshooter (Snake:1)
  A hill giant (D:13)
  3 harpies (Shoals:3)
  2 necromancers (D:13)
  An orc knight (Orc:2)
  A cyclops (Orc:4)
  An ugly thing (D:13)
  A guardian serpent (Depths:4)
  A spiny frog (Lair:6)
  A fire drake (Lair:8)
  3 trolls (Orc:4)
  A two-headed ogre (Orc:4)
  Grinder (D:6)
  A harpy skeleton (D:15)
  3 yaks
  A deep elf mage (D:15)
  Grum (D:8)
  A naga (Snake:1)
  A water moccasin (Lair:8)
  6 orc warriors
  4 ogres
  A boggart (D:15)
  2 crocodiles (Lair:8)
  2 orc wizards
  An orc priest (Orc:4)
  8 orcs
  A hobgoblin (Orc:2)
  3 fungi
69 creatures vanquished.

Vanquished Creatures (others)
  Asterion (Depths:3)
  A fire giant (Vaults:3)
  A draconian scorcher (Zot:4)
  2 draconian zealots
  A stone giant (Orc:4)
  A naga warrior (Snake:5)
  A hill giant (Shoals:5)
  An ironbrand convoker (Vaults:3)
  5 drowned souls
  An orange demon (Depths:3)
  A wandering mushroom (Zot:1)
  2 trolls
  A two-headed ogre (Lair:1)
  A redback (Vaults:5)
  A water elemental (Shoals:5)
  A human skeleton (Depths:5)
  2 ogres
  A boggart (D:15)
  4 lost souls
  A gnoll (Depths:2)
  A white imp (D:13)
  A giant spore (D:14)
  12 fungi
  7 plants
  4 tentacles (Shoals:4)
  2 tentacle segments (Shoals:4)
  6 toadstools (Lair:4)
63 creatures vanquished.

Grand Total: 2884 creatures vanquished

Notes
Turn   | Place    | Note
--------------------------------------------------------------
     0 | D:1      | Kaladin, the Hill Orc Berserker, began the quest for the Orb.
     0 | D:1      | Reached XP level 1. HP: 19/19 MP: 1/1
   256 | D:1      | Reached XP level 2. HP: 22/27 MP: 2/2
   778 | D:1      | Acquired Trog's second power
   826 | D:1      | Reached skill level 5 in Axes
   826 | D:1      | Reached XP level 3. HP: 33/33 MP: 3/3
  1828 | D:2      | Reached XP level 4. HP: 40/40 MP: 4/4
  2052 | D:2      | Noticed Ijyb
  2067 | D:2      | Killed Ijyb
  2067 | D:2      | Reached skill level 6 in Axes
  2555 | D:3      | Reached XP level 5. HP: 42/46 MP: 5/5
  2566 | D:3      | Reached skill level 3 in Armour
  2770 | D:3      | Reached skill level 7 in Axes
  2926 | D:3      | Found a snail-covered altar of Cheibriados.
  3171 | D:4      | Found Guelolla's Weapon Boutique.
  3213 | D:4      | Found Udwi's Antique Armour Shoppe.
  3213 | D:4      | Found Omaqaist's Antique Weapon Boutique.
  3327 | D:4      | Found a blossoming altar of Fedhas.
  3366 | D:4      | Noticed Alarkh's ghost (average HEHu)
  3380 | D:4      | Killed Alarkh's ghost
  3380 | D:4      | Reached skill level 8 in Axes
  3380 | D:4      | Reached skill level 4 in Armour
  3380 | D:4      | Reached XP level 6. HP: 52/52 MP: 6/6
  3425 | D:4      | Found Nitisu's Antique Armour Emporium.
  3497 | D:4      | Acquired Trog's third power
  3703 | D:4      | Reached XP level 7. HP: 53/58 MP: 7/7
  3889 | D:4      | Reached skill level 9 in Axes
  4149 | D:5      | Entered Level 5 of the Dungeon
  4344 | D:5      | Reached skill level 5 in Armour
  4600 | D:5      | Found a shattered altar of Ashenzari.
  4718 | D:5      | Reached skill level 10 in Axes
  4815 | D:5      | Found a shadowy altar of Dithmenos.
  4824 | D:5      | Reached XP level 8. HP: 66/66 MP: 8/8
  5089 | D:5      | Reached skill level 6 in Armour
  5164 | D:5      | Reached skill level 11 in Axes
  5343 | D:6      | Noticed Duvessa
  5343 | D:6      | Noticed Dowan
  5436 | D:6      | Found a burning altar of Makhleb.
  5653 | D:6      | Noticed Grinder
  5663 | D:6      | Found a stormy altar of Qazlal.
  5700 | D:6      | Reached skill level 12 in Axes
  5746 | D:6      | Reached XP level 9. HP: 55/71 MP: 9/9
  5793 | D:6      | Killed Grinder
  5793 | D:6      | Reached skill level 7 in Armour
  5826 | D:6      | Found a glowing drain.
  5851 | Sewer    | Entered a sewer
  5879 | Sewer    | Noticed Purgy
  5894 | Sewer    | Killed Purgy
  5953 | Sewer    | Got a pitted scale mail
  5999 | Sewer    | Identified the +2 scale mail of Mnizuez {rF- rCorr Int+4 SInv} (You found it in a sewer)
  6156 | D:6      | Killed Duvessa
  6156 | D:6      | Reached skill level 13 in Axes
  6183 | D:6      | Killed Dowan
  6347 | D:6      | Found a staircase to the Ecumenical Temple.
  6393 | D:6      | Found a glowing golden altar of the Shining One.
  6394 | D:6      | Found a white marble altar of Elyvilon.
  6449 | D:6      | Found Ijoihos' Magic Scroll Emporium.
  7029 | D:7      | Found Ylyigeoh's General Store.
  7029 | D:7      | Found Phech's Assorted Antiques.
  7053 | D:7      | Noticed Joseph
  7076 | D:7      | Killed Joseph
  7076 | D:7      | Reached skill level 8 in Armour
  7355 | D:7      | Reached skill level 14 in Axes
  7622 | D:7      | Found Wireodd Blee's General Store.
  7674 | D:7      | Found Voun's Antique Armour Emporium.
  7700 | D:7      | Received a gift from Trog
  7798 | D:7      | Found Usead's Antique Weapon Shop.
  7859 | D:7      | Reached XP level 10. HP: 59/78 MP: 10/10
  8155 | D:7      | Reached skill level 15 in Axes
  8155 | D:7      | Reached skill level 9 in Armour
  8835 | D:8      | Noticed Grum
  8962 | D:8      | Killed Grum
  9711 | D:8      | Reached skill level 16 in Axes
 10516 | D:8      | Found a blossoming altar of Fedhas.
 10770 | D:8      | Reached skill level 10 in Armour
 11084 | D:9      | Found a radiant altar of Vehumet.
 11363 | D:9      | Reached XP level 11. HP: 60/83 MP: 11/11
 11702 | D:9      | Found Vytopsoof's General Store.
 12160 | D:9      | Reached skill level 17 in Axes
 12532 | D:10     | Entered Level 10 of the Dungeon
 12534 | D:10     | Found a staircase to the Lair.
 12575 | Lair:1   | Entered Level 1 of the Lair of Beasts
 12998 | Lair:2   | Identified a scroll of acquirement
 13001 | Lair:2   | Got a heavily runed shield
 13007 | Lair:2   | Identified the +0 shield of the Quahog {MR+} (You acquired it on level 2 of the Lair of Beasts)
 13650 | D:4      | Bought a runed battleaxe for 136 gold pieces
 13709 | D:4      | Bought a crude helmet for 218 gold pieces
 13714 | D:4      | Identified the +5 helmet "Jutele" {+Blink +Inv Regen+ Int+5 Dex+2} (You bought it in a shop on level 4 of the Dungeon)
 14143 | Lair:1   | Noticed a four-headed hydra
 14159 | Lair:1   | Killed a five-headed hydra
 14159 | Lair:1   | Reached skill level 11 in Armour
 14253 | Lair:1   | Reached skill level 18 in Axes
 15278 | Lair:2   | Received a gift from Trog
 15518 | Lair:2   | Reached XP level 12. HP: 89/91 MP: 12/12
 15790 | Lair:3   | Reached skill level 19 in Axes
 15996 | Lair:3   | Found a staircase to the Snake Pit.
 16136 | Lair:3   | Noticed Nergalle
 16161 | Lair:3   | Killed Nergalle
 16161 | Lair:3   | Reached skill level 12 in Armour
 16439 | Lair:3   | Received a gift from Trog
 16634 | Lair:3   | Reached skill level 20 in Axes
 17001 | Lair:4   | Got a fine helmet
 17012 | Lair:4   | Identified the +5 helmet "Leaprimi" {-Cast rN+ Int+2 Dex-4 Slay+4} (You acquired it on level 4 of the Lair of Beasts)
 17227 | Lair:4   | Noticed Erica
 17244 | Lair:4   | Killed Erica
 17443 | Lair:4   | Reached skill level 4 in Fighting
 17733 | Lair:4   | Reached skill level 5 in Fighting
 17814 | Lair:4   | Reached skill level 13 in Armour
 17888 | Lair:4   | Reached XP level 13. HP: 77/101 MP: 13/13
 18131 | Lair:5   | Reached skill level 6 in Fighting
 18150 | Lair:5   | Reached skill level 7 in Fighting
 18357 | Lair:5   | Noticed Rupert
 18384 | Lair:5   | Killed Rupert
 18553 | Lair:5   | Received a gift from Trog
 18576 | Lair:5   | Reached skill level 8 in Fighting
 18617 | Lair:5   | Reached skill level 14 in Armour
 19573 | D:7      | Bought a pair of glowing boots for 139 gold pieces
 19578 | D:7      | Bought a pair of embroidered gloves for 139 gold pieces
 19805 | Lair:6   | Found a frozen archway.
 19817 | Lair:6   | Reached skill level 9 in Fighting
 19845 | IceCv    | Entered an ice cave
 19985 | IceCv    | Received a gift from Trog
 20130 | IceCv    | Reached skill level 10 in Fighting
 20356 | IceCv    | Reached skill level 15 in Armour
 20358 | IceCv    | Reached XP level 14. HP: 96/122 MP: 14/14
 20453 | IceCv    | Noticed a white draconian
 20459 | IceCv    | Reached skill level 11 in Fighting
 20480 | IceCv    | Killed a white draconian
 20554 | IceCv    | Got a transparent zirconium amulet
 20556 | IceCv    | Identified the amulet of Cowardice {+Rage rC+ Dex+7} (You found it in an ice cave)
 20744 | Lair:6   | Received a gift from Trog
 20769 | Lair:6   | Reached skill level 12 in Fighting
 20936 | Lair:6   | Found a staircase to the Shoals.
 21135 | Lair:6   | Upgraded the game from 0.16.1-17-g773cdaf to 0.16.1-18-g436b03c
 21289 | Lair:6   | Noticed Fannar
 21308 | Lair:6   | Killed Fannar
 21385 | Lair:7   | Reached skill level 16 in Armour
 21427 | Lair:7   | Found a labyrinth entrance.
 21432 | Lab      | Entered a labyrinth
 21743 | Lair:7   | Identified a +0 iron rod (11/11) (You found it in a labyrinth)
 21744 | Lair:7   | Identified a +5 rod of ignition (9/9) (You found it in a labyrinth)
 21745 | Lair:7   | Identified a +2 lightning rod (11/11) (You took it off a minotaur in a labyrinth)
 21812 | Lair:7   | Received a gift from Trog
 21814 | Lair:7   | Reached skill level 13 in Fighting
 22144 | Lair:8   | Entered Level 8 of the Lair of Beasts
 22199 | Lair:8   | Reached XP level 15. HP: 115/136 MP: 15/15
 22419 | Lair:8   | Received a gift from Trog
 22492 | Lair:8   | Reached skill level 14 in Fighting
 22501 | Lair:8   | Reached skill level 17 in Armour
 22845 | Lair:8   | Found a burning altar of Makhleb.
 22952 | Lair:8   | Found a gateway to Hell.
 23277 | Lair:8   | Got a blackened battleaxe {god gift}
 23278 | Lair:8   | Identified the +10 battleaxe "Wammargh" {elec, rN+ Int-4 Dex+4} (Trog gifted it to you on level 8 of the Lair of Beasts)
 23512 | D:10     | Noticed a hill giant
 23521 | D:10     | Killed a hill giant
 24296 | D:10     | Found Daustraul's Armour Emporium.
 24975 | D:11     | Found a portal to a secret trove of treasure.
 24991 | D:11     | Found Kluru Cacuu's Book Shop.
 25032 | D:11     | Received a gift from Trog
 25166 | D:11     | Reached skill level 21 in Axes
 25576 | D:12     | Noticed Nessos
 25598 | D:12     | Killed Nessos
 25630 | D:12     | Found a staircase to the Orcish Mines.
 25666 | Orc:1    | Entered Level 1 of the Orcish Mines
 25938 | Orc:1    | Received a gift from Trog
 26291 | Orc:4    | Entered Level 4 of the Orcish Mines
 26372 | Orc:4    | Found Ghot's Book Emporium.
 26386 | Orc:4    | Found Tyczibb's Armour Emporium.
 26420 | Orc:4    | Received a gift from Trog
 26526 | Orc:4    | Reached skill level 15 in Fighting
 26585 | Orc:4    | Found Ghohafadghu's Magic Scroll Boutique.
 26598 | Orc:4    | Found Vin Car's Armour Shoppe.
 26599 | Orc:4    | Found Lacuvil's Magic Scroll Shoppe.
 26665 | Orc:4    | Received a gift from Trog
 26959 | Orc:4    | Bought a scroll of identify for 26 gold pieces
 26959 | Orc:4    | Bought a scroll of identify for 26 gold pieces
 26959 | Orc:4    | Bought a scroll of identify for 26 gold pieces
 26959 | Orc:4    | Bought a scroll of identify for 26 gold pieces
 26971 | Orc:4    | Bought a scroll of blinking for 90 gold pieces
 27208 | D:7      | Bought a jade-studded plate armour for 896 gold pieces
 27208 | D:7      | Identified the +12 plate armour of Midsummer {rN+ Dex+3} (You bought it in a shop on level 7 of the Dungeon)
 27394 | D:4      | Bought a pair of brightly glowing boots for 304 gold pieces
 27406 | D:4      | Identified the cursed -1 pair of boots "Emoocs" {MR+ MP+9 Str+6} (You bought it in a shop on level 4 of the Dungeon)
 28140 | D:13     | Reached XP level 16. HP: 149/149 MP: 16/16
 28299 | D:13     | Received a gift from Trog
 28337 | D:13     | Noticed Psyche
 28347 | D:13     | Killed Psyche
 28587 | D:13     | Found a gate to the Vaults.
 28957 | D:14     | Reached skill level 18 in Armour
 29008 | D:14     | Noticed Frances
 29017 | D:14     | Killed Frances
 29430 | D:14     | Received a gift from Trog
 29445 | D:14     | Reached skill level 16 in Fighting
 29801 | D:14     | Noticed Josephine
 29809 | D:14     | Killed Josephine
 30016 | D:15     | Entered Level 15 of the Dungeon
 30027 | D:15     | Found Zakustof's Armour Emporium.
 30066 | D:15     | Reached skill level 22 in Axes
 30083 | D:15     | Received a gift from Trog
 30643 | D:15     | Found a shattered altar of Ashenzari.
 30978 | D:15     | Found a staircase to the Depths.
 31059 | D:15     | Found an iron altar of Okawaru.
 31089 | D:15     | Received a gift from Trog
 31092 | D:15     | Got a faintly glowing battleaxe {god gift}
 31093 | D:15     | Identified the +8 battleaxe of Dishonesty {drain, +Fly rElec rC- Dex+7} (Trog gifted it to you on level 15 of the Dungeon)
 31445 | Snake:1  | Entered Level 1 of the Snake Pit
 31445 | Snake:1  | Noticed Aizul
 31496 | Snake:1  | Killed Aizul
 31496 | Snake:1  | Reached skill level 2 in Dodging
 31575 | Snake:1  | Reached XP level 17. HP: 135/160 MP: 17/17
 31680 | Snake:1  | Noticed Agnes
 31688 | Snake:1  | Killed Agnes
 31795 | Snake:1  | Reached skill level 17 in Fighting
 32014 | Snake:2  | Reached skill level 3 in Dodging
 32276 | Snake:2  | Reached skill level 19 in Armour
 32481 | Snake:2  | Noticed Kirke
 32493 | Snake:2  | Killed Kirke
 32534 | Snake:2  | Received a gift from Trog
 32596 | Snake:2  | Reached skill level 4 in Dodging
 33381 | Snake:3  | Reached skill level 23 in Axes
 33913 | Snake:4  | Received a gift from Trog
 33935 | Snake:4  | Reached skill level 5 in Dodging
 34456 | Snake:4  | Reached XP level 18. HP: 171/171 MP: 18/18
 34461 | Snake:4  | Reached skill level 18 in Fighting
 34632 | Snake:4  | Received a gift from Trog
 35048 | Snake:5  | Entered Level 5 of the Snake Pit
 35140 | Snake:5  | Reached skill level 6 in Dodging
 35651 | Snake:5  | Noticed Mara
 35729 | Snake:5  | Noticed Kaladin's illusion
 35732 | Snake:5  | Killed Mara
 36107 | Snake:5  | Received a gift from Trog
 36283 | Snake:5  | Reached skill level 7 in Dodging
 36298 | Snake:5  | Reached skill level 20 in Armour
 36362 | Snake:5  | Got a serpentine rune of Zot
 36537 | Snake:5  | Got an ancient robe
 36765 | Snake:5  | Reached XP level 19. HP: 178/181 MP: 18/18
 36798 | Snake:5  | Reached skill level 24 in Axes
 36848 | Snake:5  | Reached skill level 19 in Fighting
 37077 | Snake:5  | Received a gift from Trog
 37375 | Shoals:1 | Entered Level 1 of the Shoals
 37389 | Shoals:1 | Found Coul's Magic Scroll Boutique.
 37826 | Shoals:1 | Found Shietur's Gadget Shop.
 37966 | Shoals:1 | Found Chyrgh's Jewellery Shop.
 38679 | Shoals:2 | Received a gift from Trog
 38686 | Shoals:2 | Identified the +1 robe of the Game of Life {+Blink} (You took it off a salamander on level 5 of the Snake Pit)
 38878 | Shoals:2 | Reached skill level 8 in Dodging
 38897 | Shoals:2 | Noticed Polyphemus
 38921 | Shoals:2 | Killed Polyphemus
 39539 | Shoals:3 | Noticed Norris
 39553 | Shoals:3 | Killed Norris
 39952 | Shoals:3 | Noticed Nikola
 39969 | Shoals:3 | Killed Nikola
 40304 | Shoals:4 | Received a gift from Trog
 40442 | Shoals:4 | Reached skill level 9 in Dodging
 40483 | Shoals:4 | Reached XP level 20. HP: 180/193 MP: 19/19
 40517 | Shoals:4 | Found Cuoruoba's Distillery.
 40751 | Shoals:4 | Found Kayrgh's Jewellery Shoppe.
 41170 | Shoals:5 | Entered Level 5 of the Shoals
 41188 | Shoals:5 | Found Fygetiuz's Antique Weapon Emporium.
 41206 | Shoals:5 | Received a gift from Trog
 41206 | Shoals:5 | Reached skill level 20 in Fighting
 41217 | Shoals:5 | Got a barnacled rune of Zot
 41253 | Shoals:5 | Noticed Ilsuiw
 41253 | Shoals:5 | HP: 45/193 [merfolk impaler/trident of flaming (12)]
 41576 | Shoals:5 | Killed Ilsuiw
 41744 | Shoals:5 | Reached skill level 25 in Axes
 42099 | Shoals:5 | Received a gift from Trog
 42188 | Shoals:5 | Identified a +5 rod of clouds (9/9) (You found it on level 5 of the Shoals)
 42221 | Shoals:5 | Reached skill level 21 in Armour
 42826 | Shoals:4 | Reached skill level 10 in Dodging
 43435 | Depths:1 | Entered Level 1 of the Depths
 43598 | Depths:1 | Received a gift from Trog
 43992 | Depths:1 | Found a one-way gate to the infinite horrors of the Abyss.
 44732 | Depths:2 | Reached XP level 21. HP: 184/202 MP: 20/20
 44790 | Depths:2 | Received a gift from Trog
 45108 | Depths:2 | Found a sparkling altar of Nemelex Xobeh.
 45334 | Depths:2 | Reached skill level 21 in Fighting
 45504 | Depths:2 | Received a gift from Trog
 45638 | Depths:2 | Got a distressingly furry robe
 46170 | Depths:3 | Found a gateway to a ziggurat.
 46218 | Depths:3 | Reached skill level 11 in Dodging
 46230 | Depths:3 | Received a gift from Trog
 46561 | Depths:3 | Found a runed door.
 47019 | Depths:3 | Noticed Asterion
 47028 | Depths:3 | Killed Asterion
 47031 | Depths:3 | Found a one-way gate leading to the halls of Pandemonium.
 47330 | Depths:4 | Paralysed by a giant eyeball for 3 turns
 47336 | Depths:4 | Paralysed by a giant eyeball for 3 turns
 47403 | Depths:4 | Noticed Saint Roka
 47415 | Depths:4 | Killed Saint Roka
 47415 | Depths:4 | Reached skill level 26 in Axes
 47415 | Depths:4 | Reached skill level 22 in Armour
 47437 | Depths:4 | Got a crude golden ring
 47441 | Depths:4 | Identified the ring of Laqedaec {-Cast rElec MP-9 AC+2 Str+3 SInv} (You found it on level 4 of the Depths)
 47483 | Depths:4 | Received a gift from Trog
 47483 | Depths:4 | Reached XP level 22. HP: 124/213 MP: 17/20
 47561 | Depths:4 | Noticed Sojobo
 47585 | Depths:4 | Killed Sojobo
 47895 | Depths:4 | Noticed a golden dragon
 47915 | Depths:4 | Killed a golden dragon
 48028 | Depths:4 | Got a scorched bone ring
 48030 | Depths:4 | Identified the cursed ring of Irrepressible Laughter {-Cast rPois rN+ EV-4 SInv} (You found it on level 4 of the Depths)
 48074 | Depths:4 | Paralysed by a lich for 6 turns
 48292 | Depths:4 | Reached skill level 12 in Dodging
 48439 | Depths:4 | Reached skill level 22 in Fighting
 48449 | Depths:4 | Received a gift from Trog
 48464 | Depths:4 | Paralysed by a giant eyeball for 2 turns
 48468 | Depths:4 | Paralysed by a giant eyeball for 3 turns
 48516 | Depths:4 | Got a wavering ivory ring
 48547 | Depths:4 | Paralysed by a vampire knight for 6 turns
 48626 | Depths:4 | Identified the ring of Plevvaem {rPois rF+ rN+ Str-2 Int+4 Slay+3} (You found it on level 4 of the Depths)
 48650 | Depths:4 | Noticed a caustic shrike
 48668 | Depths:4 | Killed a caustic shrike
 48904 | Depths:4 | Noticed a golden dragon
 48930 | Depths:4 | Found an ancient bone altar of Kikubaaqudgha.
 48937 | Depths:4 | Killed a golden dragon
 48980 | Depths:4 | Noticed a caustic shrike
 48994 | Depths:4 | Killed a caustic shrike
 49030 | Depths:4 | Found a burning altar of Makhleb.
 49129 | Depths:5 | Entered Level 5 of the Depths
 49881 | Depths:5 | Received a gift from Trog
 49979 | Depths:5 | Reached XP level 23. HP: 212/224 MP: 21/21
 50462 | Depths:5 | Found a gate to the Realm of Zot.
 50493 | Depths:5 | Reached skill level 27 in Axes
 51023 | Vaults:1 | Entered Level 1 of the Vaults
 51206 | Vaults:1 | Received a gift from Trog
 51219 | Vaults:1 | Reached skill level 23 in Armour
 51251 | Vaults:1 | Noticed Jorgrun
 51257 | Vaults:1 | Killed Jorgrun
 51509 | Vaults:1 | Found Smeameamp's Gadget Shoppe.
 51671 | Vaults:1 | Found Tron Noop's Magic Scroll Emporium.
 51683 | Vaults:1 | Bought a scroll of enchant weapon for 97 gold pieces
 51783 | Vaults:1 | Reached skill level 13 in Dodging
 51819 | Vaults:1 | Found Yheq's Armour Emporium.
 51828 | Vaults:1 | Bought the +0 cloak of Starlight {rElec rC+ EV+4 Stlth-} for 531 gold pieces
 51964 | Vaults:1 | Found Moino's Weapon Shop.
 51974 | Vaults:1 | Received a gift from Trog
 52095 | Vaults:1 | Reached skill level 23 in Fighting
 53402 | Vaults:2 | Received a gift from Trog
 54198 | Vaults:3 | Reached XP level 24. HP: 235/235 MP: 21/21
 54254 | Vaults:3 | Received a gift from Trog
 54562 | Vaults:3 | Got a warped plate armour
 54573 | Vaults:3 | Identified the +2 plate armour of Qowiunell {rC+ rCorr Str-3 Slay+3} (You acquired it on level 3 of the Vaults)
 54585 | Vaults:3 | Got a crude helmet
 54596 | Vaults:3 | Identified the +2 helmet "Qekucoal" {-Cast rC++ rN++ Stlth-} (You acquired it on level 3 of the Vaults)
 54607 | Vaults:3 | Got a warped crystal amulet
 54609 | Vaults:3 | Identified the amulet "Elu Rudwie" {Clar MR- MP-9 Str+5 Int+3 Dex+5} (You acquired it on level 3 of the Vaults)
 54700 | Vaults:3 | Found Kaof's Food Emporium.
 54770 | Vaults:3 | Received a gift from Trog
 54984 | Vaults:3 | Found a staircase to the Crypt.
 55008 | Vaults:3 | Reached skill level 14 in Dodging
 55483 | Vaults:4 | Reached skill level 24 in Armour
 55604 | Vaults:4 | Received a gift from Trog
 56135 | Vaults:4 | Reached skill level 24 in Fighting
 56262 | Vaults:4 | Got a jewelled helmet
 56273 | Vaults:4 | Identified the +2 helmet of Gozag's Whim {Regen+} (You found it on level 4 of the Vaults)
 56591 | Vaults:4 | Received a gift from Trog
 56769 | Vaults:5 | Entered Level 5 of the Vaults
 56790 | Vaults:5 | Reached XP level 25. HP: 195/246 MP: 22/22
 56795 | Vaults:5 | Noticed Jory
 56987 | Vaults:5 | Reached skill level 15 in Dodging
 57084 | Vaults:5 | Received a gift from Trog
 57757 | Vaults:5 | Got a scintillating golden ring
 57758 | Vaults:5 | Identified the ring "Cli Neh" {Fire rN+ MR++ SInv} (You took it off a frost giant on level 5 of the Vaults)
 57924 | Vaults:5 | Got a clouded bronze ring
 57944 | Vaults:5 | Reached skill level 25 in Fighting
 58054 | Vaults:5 | Received a gift from Trog
 58060 | Vaults:5 | Reached skill level 25 in Armour
 58394 | Vaults:5 | Identified the ring "Stryasil" {+Fly Str+5} (You took it off a deep elf sorcerer on level 5 of the Vaults)
 58539 | Vaults:5 | Got a translucent plate armour
 58539 | Vaults:5 | Got a vibrating amber ring
 58544 | Vaults:5 | Identified the +9 plate armour of Duck's Teeth {rN++ Int-2 Slay+4} (You took it off a vault warden on level 5 of the Vaults)
 58571 | Vaults:5 | Killed Jory
 58596 | Vaults:5 | Identified the ring of Mobb {-Cast rN+ Str+2 Int+3 SInv Stlth+} (You took it off a vault warden on level 5 of the Vaults)
 58603 | Vaults:5 | Got a twitching bone ring
 58604 | Vaults:5 | Identified the ring "Ydelel" {rN+ EV+2 Int+3} (You took it off Jory on level 5 of the Vaults)
 58672 | Vaults:5 | Got a silver rune of Zot
 59249 | Depths:5 | Received a gift from Trog
 59291 | Depths:5 | Got a brightly glowing executioner's axe {god gift}
 59292 | Depths:5 | Identified the +6 executioner's axe of Responsibility {speed, Str+4} (Trog gifted it to you on level 5 of the Depths)
 59330 | Zot:1    | Entered Level 1 of the Realm of Zot
 59364 | Zot:1    | Reached XP level 26. HP: 224/259 MP: 0/22
 59400 | Zot:1    | Reached skill level 16 in Dodging
 60590 | Zot:1    | Received a gift from Trog
 60767 | Zot:1    | Reached skill level 26 in Fighting
 60902 | Zot:1    | Gained mutation: You heal slowly when monsters are visible. [a neqoxec]
 61364 | Zot:2    | Reached skill level 26 in Armour
 61928 | Zot:2    | Reached XP level 27. HP: 263/270 MP: 23/23
 61978 | Zot:2    | Reached skill level 17 in Dodging
 62186 | Zot:3    | Noticed an orb of fire
 62199 | Zot:3    | Killed an orb of fire
 62639 | Zot:3    | Gained mutation: You are somewhat resistant to further mutation. [potion of beneficial mutation]
 62721 | Zot:4    | Received a gift from Trog
 63083 | Zot:4    | Reached skill level 27 in Fighting
 63962 | Zot:4    | Received a gift from Trog
 64177 | Zot:4    | Reached skill level 18 in Dodging
 64184 | Zot:4    | Reached skill level 27 in Armour
 64205 | Zot:4    | Identified An Early Guide to Spellcraft
 64297 | Zot:5    | Entered Level 5 of the Realm of Zot
 64520 | Zot:5    | Noticed an ancient lich
 64527 | Zot:5    | Killed an ancient lich
 64567 | Zot:5    | Noticed an ancient lich
 64586 | Zot:5    | Killed an ancient lich
 64604 | Zot:5    | Noticed an orb of fire
 64617 | Zot:5    | Killed an orb of fire
 64617 | Zot:5    | Reached skill level 19 in Dodging
 64628 | Zot:5    | Noticed an orb of fire
 64647 | Zot:5    | Killed an orb of fire
 64783 | Zot:5    | Reached skill level 20 in Dodging
 64907 | Zot:5    | Got the Orb of Zot
 65270 | D:15     | Noticed Uqonad the pandemonium lord
 65282 | D:15     | Killed Uqonad the pandemonium lord
 65309 | D:13     | Noticed Oruehes the pandemonium lord
 65346 | D:13     | Killed Oruehes the pandemonium lord
 65366 | D:13     | HP: 66/273 [Hell Sentinel/blast of hellfire[Oruehes] (33)]
 65409 | D:13     | Noticed Fradwan the pandemonium lord
 65420 | D:13     | HP: 62/273 [??? (31)]
 65570 | D:10     | Gained mutation: Scrolls take you a little longer to read. [a neqoxec]
 65813 | D:$      | Escaped with the Orb!

Action                   |  1- 3 |  4- 6 |  7- 9 | 10-12 | 13-15 | 16-18 | 19-21 | 22-24 | 25-27 || total
-------------------------+-------+-------+-------+-------+-------+-------+-------+-------+-------++-------
Melee: Hand axe          |   159 |    61 |       |       |       |       |       |       |       ||   220
       War axe           |       |   126 |   411 |   517 |       |       |       |       |       ||  1054
       Battleaxe         |       |       |       |   459 |   581 |       |       |       |       ||  1040
       Executioner's axe |       |       |       |       |   605 |  1207 |  1571 |  1374 |  1704 ||  6461
Throw: Stone             |    25 |     6 |    86 |    19 |       |       |       |       |       ||   136
       Tomahawk          |       |    15 |     5 |       |       |       |       |       |       ||    20
Invok: Berserk           |     2 |     4 |    12 |     5 |     9 |     3 |     2 |       |       ||    37
       Brothers in Arms  |       |       |     1 |     3 |     7 |     7 |     5 |       |       ||    23
       Trog's Hand       |       |       |       |     1 |     2 |     6 |     1 |       |     5 ||    15
 Abil: Evoke Blink       |       |       |       |     1 |       |       |       |       |       ||     1
Evoke: Wand              |       |       |    14 |    27 |    19 |       |     6 |     2 |    18 ||    86
       Rod               |       |       |       |       |     2 |       |       |       |       ||     2
  Use: Scroll            |     2 |     5 |     5 |    16 |    17 |     4 |    16 |     9 |    15 ||    89
       Potion            |       |     1 |     2 |       |     3 |     1 |     4 |     1 |     2 ||    14
 Stab: Confused          |       |       |       |       |     5 |       |       |       |       ||     5
       Distracted        |       |       |       |       |       |     4 |       |       |       ||     4
       Petrifying        |       |       |       |       |       |       |     1 |       |       ||     1
       Paralysed         |       |       |       |       |       |       |     1 |       |       ||     1
  Eat: Chunk             |     5 |     9 |    21 |    34 |    16 |     9 |    17 |    15 |     8 ||   134
       Beef jerky        |       |     1 |     1 |     1 |       |     1 |     2 |     2 |       ||     8
       Meat ration       |       |       |     1 |       |     2 |       |     2 |       |       ||     5
       Pizza             |       |       |     1 |     1 |       |       |       |       |       ||     2
       Fruit             |       |       |       |     1 |       |       |     1 |       |     1 ||     3
       Bread ration      |       |       |       |       |     4 |     5 |     2 |     3 |     5 ||    19

Vault maps used:
D:1:      dpeg_arrival_brainrot
D:2:      uniq_iyjb
D:3:      lemuel_coloured_pillars_altar, nicolae_underground_beach
D:4:      fedhas_altar_3, serial_shops, nicolae_shop_waterfront, shop, shop,
          kennysheep_mini_moat
D:5:      grunt_dithmenos_smoke_and_mirrors, first_bread,
          evilmike_ruin_ashenzari
D:6:      nicolae_overflow_crystal_walls, gammafunk_temple_overflow_statue,
          minmay_temple_entry_grid, portal_sewer_entry_d, serial_shops,
          shop_scrolls, bloody_makhleb, uniq_grinder, uniq_duvessa
D:7:      old_forge, serial_shops, shop, shop_statue, shop,
          nicolae_shop_overgrown_old_shop, shop, uniq_joseph
D:8:      hangedman_tree_tricks, minivault_1, uniq_grum
D:9:      fiery_altar_vehumet, serial_shops, shop, hangedman_decor_opposing,
          minmay_variable_closet
D:10:     lair_0_dummy, serial_shops, nicolae_shop_window_shopping
D:11:     serial_shops, shop_statue, nicolae_trove_entry_crystal,
          kennysheep_cluttered_room, serial_bayou_crossing
D:12:     david_orc_2, uniq_nessos, uniq_sonja
D:13:     david_vaults_1, serial_ice, serial_ice_n, serial_ice_g, serial_ice_d,
          serial_ice_o, kennysheep_nub, uniq_psyche
D:14:     hangedman_abyss_or_decor_slice, st_stairs_10, uniq_josephine,
          uniq_frances
D:15:     gammafunk_enter_depths_forms, serial_shops, nicolae_shop_trees,
          lemuel_round_altar, okawaru_ov_weapons_minmay
Lair:1:   infiniplex_staircase_pool, serial_bayou_shore_a
Lair:2:   pond
Lair:3:   dummy_snake_entry, eino_house_with_fridge, grunt_megastairs_3,
          uniq_nergalle
Lair:4:   gammafunk_lair_enchanted_lake, minmay_holes, uniq_erica
Lair:5:   uniq_rupert
Lair:6:   elwin_shoals_entry_rocks, slime_altar_1,
          portal_ice_cave_entry_pillars_02, beast_lair_carwin_3,
          grunt_megastairs_1, uniq_fannar
Lair:7:   lemuel_slime, lab_entry_generic, bh_autumn_forest_stairs, uniq_harold
Lair:8:   evil_forest
Shoals:1: cheibrodos_shoals_oceanic_diplomacy, serial_shops,
          nicolae_shop_statue_plus, nicolae_shop_crystal, shop_statue
Shoals:2: nicolae_shoals_mertower, uniq_polyphemus
Shoals:3: uniq_nikola, uniq_norris
Shoals:4: serial_shops, nicolae_shop_trees, shop_fountains, st_cyclops
Shoals:5: serial_shops, shop, shoals_end_simple, shoal_ilsuiw,
          nicolae_shoals_undead_eyrie
Snake:1:  st_stairs_12, spider_trap, uniq_aizul, uniq_agnes
Snake:2:  minmay_snake_river, nicolae_snake_serpentine_hallways,
          lemuel_fruit_tree, grunt_megastairs_5, uniq_kirke
Snake:3:  grunt_megastairs_2, basic_stair_grate_trap
Snake:5:  grunt_snake_rune_pools, grunt_megastairs_4, uniq_mara
Orc:3:    nicolae_orc_pool_cavern
Orc:4:    st_orc_open, serial_shops, shop, mines2_lemuel
Vaults:1: hangedman_vaults_nodes, st_squares, nicolae_vaults_what_the_h,
          nicolae_vaults_twisting_passages, v_misc_4, hangedman_vaults_trim,
          vaults_mumra_chevron_long, nicolae_vaults_theta,
          hangedman_vaults_pinch, serial_ice_m, ontoclasm_vaults_ring_small,
          v_misc_15, ontoclasm_vaults_decontamination, serial_ice_b,
          serial_shops, nicolae_shop_window_shopping, shop,
          nicolae_shop_waterfront, nicolae_shop_waterfront, uniq_jorgrun
Vaults:2: v_misc_30, v_alt_pattern_5, hangedman_vaults_cutoff, v_misc_9,
          st_lattice, vaults_room_pool, v_alt_pattern_6,
          hangedman_vaults_restitches, nicolae_vaults_ring_of_whatevers,
          vaults_room_grid
Vaults:3: v_misc_31, vaults_room_grid, vaults_room_fancy_cross,
          nicolae_vaults_ninety_degrees, minmay_crypt_entry_nasty_monster,
          v_rooms_4, v_misc_27, vaults_dpeg_spiral, v_misc_11, v_rooms_2,
          vaults_room_guarded_vault, vaults_dpeg_encased_lava,
          nicolae_vaults_shelves_hall, nicolae_vaults_rhombus_5,
          nicolae_vaults_angled_halls, v_misc_23, serial_shops,
          nicolae_shop_behind_doors
Vaults:4: nicolae_vaults_arrows, nicolae_vaults_asterisk, vaults_room_corners,
          dpeg_vaults_monster_box, v_alt_pattern_2, grunt_vaults_swirl,
          ontoclasm_vaults_spin, nicolae_vaults_rhombus_5
Vaults:5: uniq_jory
Depths:1: hangedman_coc_ice_floe, kennysheep_flooded_box, abyss_entry,
          patterned_corridor
Depths:2: fort_yaktaur, hangedman_tar_grid_catacomb, minmay_tree_intersection,
          minmay_room_of_horrors, nemelex_deck, infiniplex_staircase_pool_2
Depths:3: mludivico_vault, enter_ziggurat_c, pf_hell_entry_great_geh,
          rand_demon_pan_entry_3, abyss_entry, hex_medium, uniq_asterion
Depths:4: hangedman_spin_cycle, pan_entry, abyss_entry, hell_entry
Depths:5: grunt_zot_entry_bicorn, grunt_mini_vestibule,
          minmay_misc_feat_nine_boxes
Zot:1:    grunt_zot_stairs_faceoff, evilmike_ambush
Zot:2:    st_stairs_4
Zot:3:    hangedman_zot_gyre
Zot:4:    st_small_dragon_hoard_5, zot_minivault_2
Lab:      labyrinth_watery, labyrinth_skeletal_remains, nicolae_lab_blocks
Sewer:    sewer_big_baddie
IceCv:    ice_cave_caverns_01

Table legend:
 A = Turns spent in this place as a percentage of turns spent in the entire game.
 B = Non-inter-level travel turns spent in this place as a percentage of non-inter-level travel turns spent in the entire game.
 C = Inter-level travel turns spent in this place as a percentage of turns spent in this place.
 D = Turns resting spent in this place as a percentage of non-inter-level travel turns spent in this place.
 E = Turns spent auto-exploring this place as a percentage of non-inter-level travel turns spent in this place.
 F = Non-inter-level travel turns spent in this place divided by the number of levels of this place that you've seen.
                   A       B       C       D       E      F
               +-------+-------+-------+-------+-------+----------------------
         Total | 100.0 | 100.0 |   0.5 |   2.2 |   6.2 | 550.9
       Dungeon |  25.8 |  25.7 |   0.9 |   2.8 |   7.0 | 518.2
          Lair |  15.0 |  15.0 |   0.6 |   2.6 |   4.8 | 568.0
        Shoals |   8.2 |   8.2 |   0.3 |   1.6 |   6.3 | 498.8
     Snake Pit |   8.7 |   8.7 |   0.5 |   3.7 |   7.7 | 529.8
  Orcish Mines |   3.0 |   3.0 |   0.3 |   0.8 |   8.2 | 229.0
        Vaults |  13.5 |  13.6 |   0.1 |   1.0 |   8.0 | 821.6
        Depths |  12.4 |  12.4 |   0.4 |   2.5 |   5.1 | 752.0
           Zot |   9.7 |   9.8 |   0.2 |   1.5 |   4.9 | 591.4
     Labyrinth |   1.1 |   1.1 |   0.0 |   0.0 |   0.0 | 334.0
         Sewer |   0.1 |   0.1 |   0.0 |  16.3 |   7.0 |  43.0
      Ice Cave |   2.4 |   2.4 |   0.0 |   0.8 |   0.8 | 722.0
               +-------+-------+-------+-------+-------+----------------------

Table legend:
 A = Kills in this place as a percentage of kills in entire the game.
 B = Kills by you in this place as a percentage of kills by you in the entire game.
 C = Kills by friends in this place as a percentage of kills by friends in the entire game.
 D = Other kills in this place as a percentage of other kills in the entire game.
 E = Experience gained in this place as a percentage of experience gained in the entire game.
 F = Experience gained in this place divided by the number of levels of this place that you have seen.
                   A       B       C       D       E      F
               +-------+-------+-------+-------+-------+----------------------
         Total | 100.0 | 100.0 | 100.0 | 100.0 | 100.0 | 28433.0
       Dungeon |  21.1 |  21.1 |  24.2 |   0.0 |   6.3 | 6560.2
          Lair |  13.1 |  13.1 |  16.1 |   0.0 |   5.0 | 9694.4
        Shoals |   8.3 |   8.2 |  12.9 |   0.0 |   8.3 | 25905.0
     Snake Pit |  10.5 |  10.6 |   3.2 |  14.3 |   9.5 | 29700.4
  Orcish Mines |   5.6 |   5.0 |  29.0 |   0.0 |   0.9 | 3397.2
        Vaults |  16.8 |  17.2 |   0.0 |  14.3 |  21.7 | 67878.8
        Depths |  13.5 |  13.4 |  14.5 |  28.6 |  19.5 | 61058.8
           Zot |   9.0 |   9.2 |   0.0 |  42.9 |  27.9 | 87172.4
     Labyrinth |   0.0 |   0.0 |   0.0 |   0.0 |   0.1 | 1111.0
         Sewer |   0.2 |   0.2 |   0.0 |   0.0 |   0.0 | 141.0
      Ice Cave |   1.9 |   1.9 |   0.0 |   0.0 |   0.9 | 14441.0
               +-------+-------+-------+-------+-------+----------------------
